 Dungeon Crawl Stone Soup version 0.30.2 (webtiles) character file.

Game seed: 1042303205065073551

41021 porpoise the Cardsharp (level 13, -3/113 HPs)
             Began as a Demonspawn Gladiator on Mar 8, 2024.
             Was a High Priest of Nemelex Xobeh.
             Slain by a two-headed ogre
             ... wielding a +0 giant spiked club
              (19 damage)
             ... on level 12 of the Dungeon.
             The game lasted 01:16:32 (19974 turns).

porpoise the Cardsharp (Demonspawn Gladiator)      Turns: 19974, Time: 01:16:32

Health: -3/113     AC: 25    Str: 15    XL:     13   Next: 77%
Magic:  23/23      EV: 15    Int: 10    God:    Nemelex Xobeh [*****.]
Gold:   2495       SH:  4    Dex: 19    Spells: 12/12 levels left

rFire   . . .        a - +2 rapier (venom)
rCold   . . .        (no shield)
rNeg    + . .        Q - +2 ring mail {rPois}
rPois   +            c - +1 helmet
rElec   .            m - +0 cloak
rCorr   .            (gloves unavailable)
SInv    .            L - +0 pair of boots
Will    .....        j - amulet of regeneration
Stlth   ++           A - ring of positive energy
HPRegen 1.18/turn    N - +4 ring of slaying
MPRegen 0.18/turn

%: no passive effects
@: sanguine armoured, studying Fighting
A: sanguine armour 3, condensation shield, demonic touch 3
a: Renounce Religion, Draw Escape, Draw Destruction, Draw Summoning, Triple
Draw, Deal Four, Stack Five


You were on level 12 of the Dungeon.
You worshipped Nemelex Xobeh.
Nemelex Xobeh was extremely pleased with you.
You visited 3 branches of the dungeon, and saw 19 of its levels.
You also visited: Bailey.

You collected 2495 gold pieces.

Inventory:

Hand Weapons
 a - a +2 rapier of venom (weapon)
 b - a +0 longbow
 w - a +1 short sword of draining
 B - a +6 spear
Missiles
 d - 3 throwing nets (quivered)
 t - 5 boomerangs
 D - 16 poisoned darts
 K - 2 curare-tipped darts
Armour
 c - a +1 helmet (worn)
 m - a +0 cloak (worn)
 o - a +0 troll leather armour
 L - a +0 pair of boots (worn)
 Q - a +2 ring mail of poison resistance (worn)
Jewellery
 e - an amulet of faith
 j - an amulet of regeneration (around neck)
 z - a ring of fire
 A - a ring of positive energy (left hand)
 I - a ring of protection from cold
 N - a +4 ring of slaying (right hand)
Wands
 p - a wand of flame (32)
 v - a wand of polymorph (8)
 y - a wand of charming (11)
 F - a wand of digging (5)
 J - a wand of roots (7)
 U - a wand of light (3)
Scrolls
 g - 4 scrolls of vulnerability
 h - 6 scrolls of teleportation
 k - 3 scrolls of identify
 q - 2 scrolls of fear
 u - a scroll of poison
 C - a scroll of silence
 M - 2 scrolls of fog
Potions
 f - a potion of resistance
 i - 2 potions of invisibility
 l - 15 potions of curing
 n - 3 potions of attraction
 r - 4 potions of lignification
 s - a potion of might
 x - 3 potions of heal wounds
 E - a potion of berserk rage
 G - 3 potions of ambrosia
 H - 3 potions of haste


   Skills:
 - Level 14.0 Fighting
 + Level 10.2(11.4) Short Blades
 - Level 8.3(10.5) Long Blades
 - Level 1.7 Throwing
 + Level 5.8 Armour
 - Level 7.0 Dodging
 - Level 5.0 Stealth
 - Level 14.0 Invocations
 - Level 7.0 Evocations


You had 12 spell levels left.
You didn't know any spells.
Your spell library contained the following spells:

 Spells                   Type           Power      Damage    Failure   Level
 Magic Dart               Conj           0%         1d3       56%         1
 Ensorcelled Hibernation  Hex/Ice        0%         N/A       71%         2
 Lesser Beckoning         Tloc           0%         N/A       71%         2
 Passwall                 Tmut/Erth      0%         N/A       71%         2
 Scorch                   Fire           0%         2d5       71%         2
 Searing Ray              Conj           0%         2d4       71%         2
 Static Discharge         Conj/Air       0%         2-2/arc   71%         2
 Sublimation of Blood     Necr           0%         N/A       71%         2
 Gell's Gravitas          Tloc           0%         N/A       90%         3
 Swiftness                Air            0%         N/A       90%         3
 Teleport Other           Tloc           0%         N/A       90%         3
 Airstrike                Air            0%         2d(0-16)  100%        4
 Animate Dead             Necr           0%         N/A       100%        4
 Flame Wave               Conj/Fire      0%         2d4       100%        4
 Fulminant Prism          Conj/Hex       0%         3d5       100%        4
 Petrify                  Tmut/Erth      0%         N/A       100%        4
 Sticky Flame             Conj/Fire      0%         2d3       100%        4
 Summon Lightning Spire   Summ/Air       0%         N/A       100%        4
 Alistair's Intoxication  Tmut/Pois      0%         N/A       100%        5
 Borgnjor's Vile Clutch   Necr/Erth      0%         N/A       100%        5
 Fireball                 Conj/Fire      0%         3d3       100%        5
 Irradiate                Conj/Tmut      0%         3d11      100%        5
 Death Channel            Necr           0%         N/A       100%        6
 Eringya's Noxious Bog    Tmut/Pois      0%         N/A       100%        6
 Plasma Beam              Fire/Air       0%         2x1d11    100%        6
 Summon Cactus Giant      Summ           0%         N/A       100%        6


Dungeon Overview and Level Annotations

Branches:
Dungeon (13/15)            Temple (1/1) D:4            Lair (5/5) D:8
  Swamp (0/4) Lair:2        Snake (0/4) Lair:2        Slime (0/5) Lair:5
    Orc (0/2) D:10         Vaults (0/5) D:13         Bailey (visited)

Altars:
Ashenzari
Cheibriados
Dithmenos
Fedhas
Gozag
Hepliaklqana
Kikubaaqudgha
Makhleb
Nemelex Xobeh
Okawaru
Qazlal
Ru
Sif Muna
Trog
Uskayaw
Vehumet
Wu Jian
Xom
Yredelemnul
Jiyva

Shops:
D:2 (

Portals:
Abyss: D:12

Annotations:
D:6 2 transporters, middlethird's ghost, novice VSTm
D:12 2 transporters, angrytalen3's ghost, journeyman MiGl
D:13 Urug
Lair:2 1 runed translucent door, porpoise's ghost, journeyman MiHu


Innate Abilities, Weirdness & Mutations

When seriously injured, your blood forms very thick armour. (AC +12)
A meltable shield of frost defends you. (SH +4)
Your touch may irresistibly damage your foes and sap their willpower.


Message History

Your icy envelope is restored.
The walls disappear!
Level annotation: 2 transporters, angrytalen3's ghost, journeyman MiGl Welcome back, porpoise the Demonspawn Gladiator.
Nemelex Xobeh says: It's all in the cards!
Press ? for a list of commands and other information.
A two-headed ogre comes into view.
It is wielding two +0 giant spiked clubs.
The two-headed ogre shouts in stereo!
The two-headed ogre barely misses you.
The two-headed ogre hits you but does no damage.
The two-headed ogre misses you.
The two-headed ogre hits you with a +0 giant spiked club!
The two-headed ogre hits you with a +0 giant spiked club!
The two-headed ogre barely misses you. The two-headed ogre misses you.
The two-headed ogre hits you but does no damage.
The two-headed ogre hits you with a +0 giant spiked club.
The two-headed ogre hits you with a +0 giant spiked club!
The two-headed ogre barely misses you. You block the two-headed ogre's attack.
The two-headed ogre hits you with a +0 giant spiked club!!
Your blood congeals into armour.
The two-headed ogre hits you with a +0 giant spiked club!
You block the two-headed ogre's attack.
The two-headed ogre hits you but does no damage.
The two-headed ogre hits you with a +0 giant spiked club!
The two-headed ogre closely misses you. The two-headed ogre closely misses you.
The two-headed ogre hits you with a +0 giant spiked club.
The two-headed ogre barely misses you. x2
The two-headed ogre misses you. The two-headed ogre closely misses you.
The two-headed ogre completely misses you.
The two-headed ogre hits you with a +0 giant spiked club!
* * * LOW HITPOINT WARNING * * *
The two-headed ogre misses you. The two-headed ogre closely misses you.
The two-headed ogre hits you but does no damage.
The two-headed ogre hits you with a +0 giant spiked club!!
* * * LOW HITPOINT WARNING * * *
The two-headed ogre hits you with a +0 giant spiked club!!
You die...
Your body glows with a rainbow of weird colours and disappears.

..#.###..# #.#..# #..#.#..#.
.........########.#..# #..#.#....
###.#..........##....# #..#.##.#.
# #.#....#####......## #..#.##.#.
###.#....(..........# #..#.##.##
..#.#....########.######....##.#
..+.#..................#....##.##
......#..########..###.#..####...
................@O[..............
......#...#.######..#.....#######
##....#...#.# ##>.............
.#........#.# #.##.#.........
##.....#..#.# #.##.#.###.....
#...........# #.##.....+.....
.........#.########.####.###.....
.......................#.# #####.
#.......##.....####.##.#.# #.


You could see a two-headed ogre.

Vanquished Creatures
  A broodmother (Lair:5)
  Nessos (D:12)
  A dire elephant (Lair:1)
  Erolcha (D:11)
  A hydra (Lair:4)
  A boulder beetle (Lair:3)
  2 two-headed ogres
  2 death yaks (Lair:1)
  A deep troll (Lair:1)
  2 skysharks
  A flayed ghost (D:12)
  An orb spider (Lair:1)
  2 bog bodies (Lair:2)
  An ugly thing (D:11)
  2 cyclopes (D:12)
  A gargoyle (D:10)
  A torpor snail (Lair:4)
  3 black mambas
  Psyche (D:11)
  2 cane toads
  7 komodo dragons
  A kobold demonologist (D:12)
  A rime drake (Lair:5)
  A queen bee (Lair:5)
  A red devil (D:12)
  7 trolls
  6 polar bears
  A raiju (Lair:1)
  5 hornets
  8 blink frogs
  17 dream sheep
  A shadow (D:12)
  13 spriggans
  13 yaks
  3 wyverns
  A human (D:13)
  3 wraiths
  4 basilisks
  3 steam dragons
  Edmund (D:5)
  4 vampire mosquitoes (D:12)
  A warg (D:10)
  A swamp worm (Lair:2)
  A naga (Lair:2)
  2 acid dragons
  11 water moccasins
  4 orc warriors
  2 sky beasts
  10 black bears
  32 wolves
  4 boggarts (Lair:5)
  An ogre (D:7)
  A centaur (D:10)
  3 phantoms
  3 kobold brigands
  12 bullfrogs
  3 scorpions
  3 wights (D:10)
  5 killer bees
  A howler monkey (D:9)
  An electric eel (Lair:2)
  3 hounds
  2 jellies
  8 orc priests
  10 iguanas
  10 orc wizards
  4 adders
  8 gnolls
  3 shadow imps
  3 white imps
  A worm (D:2)
  2 dart slugs (D:1)
  43 orcs
  5 endoplasms
  2 giant cockroaches
  8 goblins
  7 hobgoblins
  2 quokkas (D:1)
  9 ball pythons
  12 bats
  4 frilled lizards
  19 kobolds
  7 rats
  A fire vortex (D:11)
403 creatures vanquished.

Vanquished Creatures (collateral kills)
  An unseen horror (D:12)
  A red devil (D:12)
  A gnoll sergeant (D:10)
  A wight (D:10)
  An orc priest (D:12)
  A gnoll (D:10)
  An orc (D:12)
7 creatures vanquished.

Vanquished Creatures (others)
  2 red devils (D:12)
2 creatures vanquished.

Grand Total: 412 creatures vanquished

Notes
Turn   | Place    | Note
-------+----------+-------------------------------------------
     0 | D:1      | porpoise the Demonspawn Gladiator began the quest for the
                  | Orb.
     0 | D:1      | Reached XP level 1. HP: 16/16 MP: 1/1
    84 | D:1      | Gained mutation: Your touch may inflict minor irresistible
                  | damage on your foes. [demonic ancestry]
    84 | D:1      | Reached XP level 2. HP: 20/22 MP: 2/2
   258 | D:1      | Reached skill level 1 in Stealth
   335 | D:1      | Reached XP level 3. HP: 28/28 MP: 3/3
   654 | D:2      | Gained mutation: When seriously injured, your blood forms
                  | armour. (AC +12) [demonic ancestry]
   654 | D:2      | Reached XP level 4. HP: 18/34 MP: 4/4
  1025 | D:2      | Found Uwkad's Weapon Emporium.
  1182 | D:3      | Noticed a phantom
  1206 | D:3      | Killed a phantom
  1207 | D:3      | Gained mutation: When seriously injured, your blood forms
                  | thick armour. (AC +12) [demonic ancestry]
  1207 | D:3      | Reached XP level 5. HP: 36/41 MP: 5/5
  1695 | D:3      | Found a faded altar of an unknown god.
  1953 | D:4      | Noticed a black bear
  1961 | D:4      | Killed a black bear
  1962 | D:4      | Gained mutation: Your touch may inflict irresistible damage
                  | on your foes. [demonic ancestry]
  1962 | D:4      | Reached XP level 6. HP: 47/47 MP: 6/6
  2038 | D:4      | Found a staircase to the Ecumenical Temple.
  2057 | D:4      | Reached skill level 5 in Long Blades
  2161 | Temple   | Entered the Ecumenical Temple
  2260 | Temple   | Became a worshipper of Nemelex Xobeh the Trickster
  2396 | D:4      | Found a burning altar of Makhleb.
  2508 | D:4      | Found a sacrificial altar of Ru.
  2822 | D:5      | Entered Level 5 of the Dungeon
  2891 | D:5      | Reached skill level 1 in Invocations
  2952 | D:5      | Gained mutation: When seriously injured, your blood forms
                  | very thick armour. (AC +12) [demonic ancestry]
  2952 | D:5      | Reached XP level 7. HP: 37/54 MP: 8/8
  3034 | D:5      | Noticed Edmund
  3058 | D:5      | Killed Edmund
  3510 | D:5      | Reached * piety under Nemelex Xobeh
  3952 | D:6      | Reached XP level 8. HP: 48/61 MP: 10/10
  4025 | D:6      | Reached skill level 5 in Fighting
  4199 | D:6      | Received a gift from Nemelex Xobeh
  4284 | D:6      | Reached skill level 5 in Invocations
  4488 | D:6      | Found a transporter.
  4517 | D:6      | Noticed middlethird's ghost (novice VSTm)
  4530 | D:6      | Found a transporter.
  4885 | D:7      | Reached skill level 1 in Short Blades
  5263 | D:7      | Noticed a hornet
  5272 | D:7      | Killed a hornet
  5292 | D:7      | Gained mutation: Your touch may irresistibly damage your
                  | foes and sap their willpower. [demonic ancestry]
  5292 | D:7      | Reached XP level 9. HP: 59/69 MP: 13/13
  5435 | D:7      | Got the Atlas of Wanderlust and the Torch
  5440 | D:7      | Reached ** piety under Nemelex Xobeh
  6372 | D:8      | Received a gift from Nemelex Xobeh
  6645 | D:8      | Found an iron altar of Okawaru.
  6651 | D:8      | Reached skill level 5 in Short Blades
  6681 | D:8      | Found a hide-covered altar of Uskayaw.
  6691 | D:8      | Found a basalt altar of Yredelemnul.
  6694 | D:8      | Found a hazy altar of Hepliaklqana.
  6887 | D:8      | Found a staircase to the Lair.
  7311 | D:9      | Received a gift from Nemelex Xobeh
  7381 | D:9      | Noticed a two-headed ogre
  7393 | D:9      | Killed a two-headed ogre
  7394 | D:9      | Reached XP level 10. HP: 48/79 MP: 16/16
  7411 | D:9      | Reached *** piety under Nemelex Xobeh
  7417 | D:9      | Found a flagged portal.
  7455 | Bailey   | Entered a bailey
  7546 | D:9      | Identified a scroll of acquirement
  7546 | D:9      | Acquired a manual of Fighting
  7810 | D:9      | Received a gift from Nemelex Xobeh
  8318 | D:10     | Entered Level 10 of the Dungeon
  8325 | D:10     | Found a staircase to the Orcish Mines.
  8358 | D:10     | Reached skill level 1 in Evocations
  8386 | D:10     | Noticed a gargoyle
  8410 | D:10     | Killed a gargoyle
  8476 | D:10     | Noticed Nergalle
  8477 | D:10     | Nergalle changed into Nergalle the two-headed ogre
  8477 | D:10     | Noticed Nergalle
  8497 | D:10     | Killed Nergalle the two-headed ogre
  8538 | D:10     | Noticed a two-headed ogre
  8542 | D:10     | a two-headed ogre changed into a dream sheep
  8724 | D:10     | Received a gift from Nemelex Xobeh
  8789 | D:10     | Reached skill level 5 in Dodging
  9092 | Lair:1   | Entered Level 1 of the Lair of Beasts
  9163 | Lair:1   | Reached **** piety under Nemelex Xobeh
  9295 | Lair:1   | a yak changed into a black mamba
  9295 | Lair:1   | Noticed a black mamba
  9302 | Lair:1   | Killed a black mamba
  9303 | Lair:1   | Gained mutation: A meltable shield of frost defends you.
                  | (SH +4) [demonic ancestry]
  9303 | Lair:1   | Reached XP level 11. HP: 65/84 MP: 17/17
  9474 | Lair:1   | Reached skill level 5 in Evocations
  9482 | Lair:1   | Reached skill level 1 in Armour
  9646 | Lair:1   | Noticed a death yak
  9646 | Lair:1   | Noticed a death yak
  9648 | Lair:1   | Noticed a death yak
  9650 | Lair:1   | Noticed a death yak
  9651 | Lair:1   | Noticed a death yak
  9660 | Lair:1   | Killed a death yak
  9671 | Lair:1   | Killed a death yak
  9672 | Lair:1   | a death yak changed into a dire elephant
  9672 | Lair:1   | Noticed a dire elephant
  9672 | Lair:1   | a death yak changed into an emperor scorpion
  9672 | Lair:1   | Noticed an emperor scorpion
  9672 | Lair:1   | a death yak changed into a catoblepas
  9672 | Lair:1   | Noticed a catoblepas
  9673 | Lair:1   | an emperor scorpion changed into a deep troll
  9673 | Lair:1   | Noticed a deep troll
  9673 | Lair:1   | a catoblepas changed into an orb spider
  9673 | Lair:1   | Noticed an orb spider
  9687 | Lair:1   | Killed a dire elephant
  9688 | Lair:1   | Reached skill level 10 in Invocations
  9691 | Lair:1   | Killed a deep troll
  9703 | Lair:1   | Killed an orb spider
 10549 | Lair:2   | Received a gift from Nemelex Xobeh
 10754 | Lair:2   | Reached skill level 10 in Fighting
 10876 | Lair:2   | Found a staircase to the Snake Pit.
 10927 | Lair:2   | Noticed a skyshark
 10943 | Lair:2   | Killed a skyshark
 11066 | Lair:2   | Reached XP level 12. HP: 98/98 MP: 20/20
 11114 | Lair:2   | Acquired 1007 gold pieces
 11129 | Lair:2   | Reached skill level 5 in Armour
 11141 | Lair:2   | Found a runed translucent door.
 11324 | Lair:2   | Noticed porpoise's ghost (journeyman MiHu)
 11451 | Lair:2   | Found a staircase to the Swamp.
 11820 | Lair:3   | Reached ***** piety under Nemelex Xobeh
 11864 | Lair:3   | Noticed a boulder beetle
 11867 | Lair:3   | Received a gift from Nemelex Xobeh
 11888 | Lair:3   | Killed a boulder beetle
 12504 | Lair:4   | Received a gift from Nemelex Xobeh
 12613 | Lair:4   | Reached skill level 5 in Stealth
 12711 | Lair:4   | Noticed a four-headed hydra
 12719 | Lair:4   | Killed a four-headed hydra
 13154 | Lair:4   | Received a gift from Nemelex Xobeh
 14097 | Lair:5   | Entered Level 5 of the Lair of Beasts
 14473 | Lair:5   | Reached XP level 13. HP: 111/111 MP: 23/23
 14952 | Lair:5   | Received a gift from Nemelex Xobeh
 15002 | Lair:5   | a boulder beetle changed into a broodmother
 15002 | Lair:5   | Noticed a broodmother
 15135 | Lair:5   | Killed a broodmother
 15417 | Lair:5   | Found a staircase to the Slime Pits.
 15419 | Lair:5   | Found a viscous altar of Jiyva.
 16386 | D:11     | Received a gift from Nemelex Xobeh
 16600 | D:11     | Noticed Psyche
 16608 | D:11     | Killed Psyche
 16774 | D:11     | Noticed Erolcha
 16786 | D:11     | Killed Erolcha
 17385 | D:12     | Found a transporter.
 17385 | D:12     | Found a one-way gate to the infinite horrors of the Abyss.
 17385 | D:12     | Noticed angrytalen3's ghost (journeyman MiGl)
 17392 | D:12     | Noticed a crystal guardian
 17394 | D:12     | Received a gift from Nemelex Xobeh
 17438 | D:12     | Found a transporter.
 18134 | D:12     | Reached skill level 10 in Short Blades
 18724 | D:13     | Noticed Nessos
 18724 | D:13     | Noticed Urug
 18724 | D:13     | Found a gate to the Vaults.
 18724 | D:13     | Received a gift from Nemelex Xobeh
 18750 | D:12     | Killed Nessos
 19974 | D:12     | Slain by a two-headed ogre

Illustrated notes

Levels and vault maps discovered:
D:1:      eino_arrival_water_cross, layout_rooms, minmay_pentomino_r4
D:2:      cheibrodos_pilgrimage, layout_rooms, serial_shops,
          nicolae_shop_real_fake_doors, minmay_stone_trees_small
D:3:      layout_basic, hellmonk_ecumenical_altar_arch_garden
D:4:      layout_loops_ring, mainiacjoe_overflow_cross_hatched,
          mainiacjoe_overflow_concentric_impassable, minmay_temple_entry_waves
D:5:      layout_loops_ring, serial_glass, glass_columns_c, glass_columns_b,
          hex_large, uniq_edmund
D:6:      kennysheep_steamy, layout_loops_ring, gammafunk_ghost_gnarly_gnolls
D:7:      layout_basic
D:8:      layout_layer_cave, grunt_temple_overflow_cloverleaf,
          grunt_lair_entry_orc_guard_hut
D:9:      layout_basic, enter_bailey_3, nicolae_sextant
D:10:     layout_rooms, david_orc_3, uniq_nergalle
D:11:     layout_basic, serial_rivers, chequers_serial_rivers_micro_d,
          chequers_serial_rivers_small_a, chequers_serial_rivers_large_a,
          chequers_serial_rivers_micro_c, grunt_decor_junction, uniq_psyche,
          uniq_erolcha
D:12:     layout_basic, gammafunk_ghost_abyssal_escape,
          einodemon_armed_red_devil_minivault
D:13:     layout_loops_corners, david_vaults_3,
          ploomutoo_gammafunk_ghost_potion_laboratory
Temple:   nicolae_temple_superstar
Lair:1:   layout_cave_pods
Lair:2:   layout_hall_layers, nicolae_swamp_entry_splash_gauntlet,
          guppyfry_snake_entry_island, ebering_ghost_inner_flame,
          cheibrodos_lair_lostbears, infiniplex_staircase_pool_2
Lair:3:   layout_roguey, chequers_serial_rivers_small_3, nzn_sisyphean_effort,
          grunt_megastairs_5
Lair:4:   layout_layer_cave
Lair:5:   minmay_lair_end_enchanted_forest, layout_cave_pods, slime_entry_1

Skill      XL: |  1  2  3  4  5  6  7  8  9 10 11 12 13 |
---------------+----------------------------------------+-----
Long Blades    | 3 4 5 6 7 8 |  8.3
Stealth        | 1 2 3 5 |  5.0
Fighting       | 3 4 6 7 10 13 14 | 14.0
Invocations    | 1 3 6 8 9 11 13 14 | 14.0
Short Blades   | 2 6 8 10 | 10.2
Dodging        | 3 5 7 |  7.0
Evocations     | 3 5 7 |  7.0
Armour         | 4 5 |  5.8
Throwing       | |  1.7

Action                     |  1- 3 |  4- 6 |  7- 9 | 10-12 | 13-15 || total
---------------------------+-------+-------+-------+-------+-------++-------
  Melee: Long sword        |    47 |    14 |       |       |       ||    61
         Short sword       |    47 |   133 |   332 |   706 |       ||  1218
         Touch             |    14 |    24 |    79 |   170 |    74 ||   361
         Punch             |       |     1 |     4 |    11 |     1 ||    17
         Rapier            |       |       |       |       |   335 ||   335
   Fire: Sling             |       |       |    31 |   102 |    13 ||   146
         Longbow           |       |       |       |       |    15 ||    15
  Throw: Throwing net      |       |       |     1 |       |       ||     1
 Invoke: Draw Destruction  |       |       |     4 |    14 |       ||    18
         Draw Summoning    |       |       |       |     3 |     1 ||     4
         Draw Stack        |       |       |       |     1 |     4 ||     5
         Stack Five        |       |       |       |     1 |       ||     1
  Evoke: Wand              |       |       |       |     1 |     6 ||     7
    Use: Scroll            |     4 |     5 |     6 |    14 |     5 ||    34
         Potion            |       |       |       |       |     1 ||     1
   Stab: Sleeping          |     1 |     2 |     3 |     1 |     5 ||    12
         Invisible         |       |       |       |       |     2 ||     2
         Distracted        |       |       |       |       |     1 ||     1
 Armour: Leather armour    |    30 |    46 |    20 |       |       ||    96
         Ring mail         |       |       |    89 |   169 |   106 ||   364
  Dodge: Dodged            |    69 |    88 |   121 |   232 |   162 ||   672
  Block: Other             |       |       |       |    48 |    44 ||    92
